Map: Temple gelé

Players

MeXAXAnizm - Winner!

  • Race: Terran Terran
  • League: Silver
  • Spawn Location: 11:00

zidar

  • Race: Zerg Zerg
  • League: Gold
  • Spawn Location: 5:00

VOD

Have the link to the VOD?

Description

Time

  • Played on: June 4, 2016, 10:26 a.m.
  • Length: 18:56
Show
View Real Time Build Order
Export as new Build Order

MeXAXAnizm Terran - Winner!

Build Orders:  

Get SALT Encoding   

  12  0:01  SCV  
  13  0:13  SCV  
  14  0:20  Supply Depot  
  14  0:25  SCV  
  15  0:41  SCV  
  16  0:46  Barracks  
  16  0:53  SCV  
  17  1:01  Barracks  
  17  1:05  SCV  
  18  1:18  SCV  
  19  1:30  SCV  
  20  1:33  Marine  
  20  1:37  Command Center  
  21  1:48  Marine  
  22  1:55  Orbital Command  
  22  1:56  Bunker  
  22  1:58  Marine  
  23  2:26  Supply Depot  
  23  2:27  Refinery  
  23  2:30  Refinery  
  23  2:48  Marine x2  
  25  2:54  Supply Depot, Orbital Command  
  26  2:58  SCV  
  26  3:19  SCV  
  27  3:20  Refinery  
  27  3:24  SCV  
  28  3:29  Barracks Reactor  
  28  3:31  SCV  
  28  3:33  Barracks Reactor  
  29  3:36  SCV  
  30  3:43  SCV  
  31  3:48  SCV  
  31  3:54  Factory  
  32  3:55  SCV  
  32  4:00  SCV  
  34  4:08  SCV  
  35  4:12  SCV  
  35  4:13  Marine x4  
  40  4:20  SCV, Engineering Bay  
  41  4:25  Supply Depot  
  41  4:31  Marine x2  
  43  4:41  Starport  
  45  4:47  Supply Depot  
  45  4:49  Refinery, Widow Mine  
  45  4:50  SCV  
  45  4:51  SCV  
  47  4:55  Terran Infantry Weapons Level 1  
  47  4:57  Marine x2  
  47  4:58  Marine x2  
  51  5:02  SCV  
  51  5:03  SCV  
  53  5:15  SCV  
  54  5:41  Armory, Barracks Reactor  
  54  5:45  Viking  
  54  5:46  Viking  
  58  5:52  SCV  
  58  5:53  SCV  
  60  6:04  Command Center  
  60  6:11  SCV x2  
  62  6:24  Viking x2  
  66  6:30  Starport  
  66  6:34  Terran Ship Weapons Level 1  
  68  6:51  Terran Infantry Weapons Level 2, Widow Mine  
  68  6:54  Viking  
  68  7:01  Supply Depot x2  
  70  7:05  Supply Depot  
  70  7:06  Supply Depot  
  70  7:15  Viking  
  72  7:24  Viking  
  72  7:45  Viking  
  74  7:53  Barracks Tech Lab  
  74  7:54  Viking  
  74  7:55  Missile Turret  
  74  7:56  Supply Depot  
  76  8:15  Viking x3  
  76  8:18  Supply Depot  
  82  8:21  SCV  
  82  8:24  Planetary Fortress, Viking  
  85  8:33  SCV  
  86  8:40  Terran Ship Weapons Level 2  
  86  8:41  Supply Depot  
  86  8:45  Viking x3  
  94  8:52  Widow Mine  
  94  8:54  Viking  
  96  9:15  Viking  
  100  9:18  Viking  
  100  9:19  Viking  
  100  9:21  Widow Mine  
  104  9:24  Viking  
  104  9:45  Viking  
  108  9:48  Viking  
  108  9:49  Viking, Widow Mine  
  112  9:53  Missile Turret  
  112  9:54  Viking  
  112  9:56  Refinery  
  112  9:57  Missile Turret  
  112  9:58  Refinery  
  116  10:14  Supply Depot  
  116  10:15  Viking  
  116  10:17  Supply Depot  
  116  10:18  Widow Mine, Viking  
  116  10:19  Viking  
  122  10:21  Supply Depot  
  122  10:24  Viking  
  122  10:25  Supply Depot  
  122  10:41  Supply Depot  
  120  10:43  Supply Depot  
  120  10:45  Viking  
  120  10:48  Viking x2  
  120  10:54  Viking  
  114  11:08  SCV  
  115  11:15  Viking  
  117  11:18  Viking x2  
  117  11:20  SCV, Stimpack  
  117  11:22  Terran Ship Weapons Level 3  
  117  11:24  Viking  
  124  11:33  SCV  
  125  11:45  SCV  
  126  11:57  SCV  
  127  12:04  Marine x3  
  127  12:08  Terran Infantry Weapons Level 3  
  130  12:20  SCV  
  130  12:21  Marine x2  
  130  12:22  Marine  
  134  12:32  SCV  
  137  12:38  Widow Mine  
  137  12:39  Marine x3  
  140  12:57  Marine x2  
  144  13:07  Widow Mine  
  144  13:21  Combat Shield  
  144  13:45  Viking x4  
  152  13:53  Marine x3  
  155  14:00  Terran Vehicle And Ship Armor Level 1  
  155  14:11  Marine  
  155  14:15  Viking x4  
  164  14:32  Factory Reactor  
  164  14:45  Viking x4, Terran Infantry Armor Level 1  
  171  15:00  Command Center  
  163  15:15  Viking  
  74  15:52  Marine x3  
  69  16:03  Viking x4  
  77  16:10  Marine x3  
  80  16:11  Command Center  
  80  16:14  Missile Turret  
  80  16:19  Planetary Fortress  
  80  16:28  Marine x3  
  83  16:33  Viking x3  
  83  16:36  Missile Turret  
  89  16:47  Marine  
  89  16:48  Marine x2  
  92  16:55  Refinery  
  92  17:05  Marine  
  85  17:18  Refinery  
  85  17:25  Viking x4  
  93  17:40  Marine x3  
  93  17:41  Supply Depot  
  93  17:42  Planetary Fortress  
  96  17:55  Viking x4  
  96  17:57  Marine  
  96  17:58  Marine x2  
  107  18:04  Supply Depot  
  107  18:15  Marine x3  
  106  18:24  Viking  
  106  18:25  Viking x3  
  106  18:26  Supply Depot  
  114  18:33  Marine x3  
  107  18:49  Supply Depot  
Show
View Real Time Build Order
Export as new Build Order

zidar Zerg 

Build Orders: Hatch First, Muta Ling Bane 

Get SALT Encoding   

  12  0:01  Drone  
  13  0:12  Overlord  
  13  0:17  Drone  
  14  0:31  Drone x2  
  14  0:34  Drone  
  17  0:56  Hatchery  
  16  0:58  Drone  
  16  1:03  Extractor, Drone  
  17  1:22  Spawning Pool  
  16  1:27  Drone x2  
  18  1:35  Overlord  
  18  1:51  Drone  
  18  1:53  Drone  
  20  2:01  Drone  
  20  2:08  Metabolic Boost  
  21  2:12  Queen  
  23  2:17  Queen  
  24  2:39  Baneling Nest  
  23  3:11  Lair  
  23  3:15  Overlord x2  
  23  3:17  Drone x4  
  27  3:26  Queen  
  29  3:33  Drone x6  
  35  3:34  Drone  
  36  3:44  Extractor  
  35  4:01  Extractor  
  35  4:02  Pneumatized Carapace  
  34  4:05  Extractor  
  33  4:24  Centrifical Hooks  
  33  4:27  Zergling x22  
  44  4:51  Baneling x3  
  44  4:52  Baneling x3  
  44  4:53  Hatchery  
  43  5:20  Overseer  
  43  5:22  Evolution Chamber  
  43  5:25  Evolution Chamber  
  41  5:29  Spire  
  41  5:34  Drone x8  
  48  5:36  Drone  
  49  5:55  Zerg Melee Weapons Level 1  
  49  5:57  Zerg Ground Armor Level 1  
  49  6:12  Queen  
  49  6:14  Drone x5  
  56  6:41  Drone x2  
  56  6:44  Overlord x3  
  58  7:37  Drone x8  
  58  7:38  Drone x2  
  58  7:39  Drone x3  
  71  7:51  Zerg Melee Weapons Level 2  
  71  7:56  Zerg Ground Armor Level 2  
  71  8:10  Infestation Pit  
  71  8:11  Mutalisk  
  71  8:12  Mutalisk  
  74  8:15  Overlord x4  
  74  8:20  Baneling x7  
  74  8:36  Extractor  
  74  8:39  Extractor  
  74  8:40  Corruptor x2  
  74  8:41  Corruptor x4  
  76  8:42  Corruptor x2  
  76  8:47  Hive  
  88  8:55  Baneling  
  88  8:56  Baneling x2  
  85  9:45  Drone x6  
  90  9:56  Overlord x7  
  90  10:01  Greater Spire  
  90  10:15  Drone x6  
  96  10:22  Zergling x24  
  102  11:03  Overlord  
  102  11:04  Overlord x8  
  92  11:16  Overlord  
  92  11:17  Overlord x3  
  92  11:28  Corruptor x2  
  92  11:29  Corruptor x3  
  92  11:30  Corruptor x3  
  92  11:31  Corruptor x3  
  114  12:00  Hatchery  
  113  12:04  Brood Lord x3  
  113  12:06  Brood Lord  
  121  12:10  Zerg Flyer Armor Level 1  
  121  12:12  Hatchery  
  121  12:13  Zerg Melee Weapons Level 3, Zerg Ground Armor Level 3  
  120  12:17  Adrenal Glands  
  120  12:20  Zergling x26  
  120  12:21  Zergling x10  
  138  12:27  Queen  
  140  12:45  Hydralisk Den  
  136  13:24  Hydralisk x9  
  136  13:25  Hydralisk x2  
  140  13:37  Hydralisk x6  
  140  13:57  Hydralisk x3  
  140  13:58  Hydralisk x2  
  150  14:19  Hydralisk  
  150  14:21  Overlord x2  
  150  14:22  Overlord x2  
  152  14:43  Hydralisk x7  
  166  14:51  Zerg Missile Weapons Level 1  
  83  15:54  Hydralisk  
  83  15:55  Hydralisk x8  
  83  16:23  Hydralisk x6  
  95  16:33  Muscular Augments  
  95  16:41  Hatchery  
  95  16:45  Extractor  
  95  16:46  Hydralisk  
  95  16:47  Extractor, Hydralisk x7  
  108  16:56  Hatchery  
  94  17:25  Hydralisk  
  94  17:26  Hydralisk x10  
  116  17:43  Hydralisk x2  
  120  18:24  Hydralisk x8  
Tags
 
Composition
Muta Ling Bane
Matchup
TvZ
Spawn Locations
Cross Positions
Add a new tag
Caveats
  • Supply blocks, unpowered buildings, or Contaminate may cause inaccurate times.
  • Supply counts are checked every 10 seconds.